 Dungeon Crawl Stone Soup version 0.19-a0-1320-g0178847 (webtiles) character file.

266 4thArraOfDagon the Ruffian (level 6, -2/53 HPs)
             Began as a Troll Ice Elementalist on Aug 31, 2016.
             Was an Initiate of Nemelex Xobeh.
             Killed by drain life
             ... invoked by a soul eater
             ... summoned by the player character
              (10 damage)
             ... on level 5 of the Dungeon.
             The game lasted 00:04:11 (741 turns).

4thArraOfDagon the Ruffian (Troll Ice Elementalist)  Turns: 741, Time: 00:04:12

Health: -2/53      AC:  5    Str: 17    XL:     6   Next: 0%
Magic:  6/6        EV: 10    Int: 13    God:    Nemelex Xobeh [......]
Gold:   73         SH:  0    Dex: 10    Spells: 1 memorised, 6 levels left

rFire  + . .     SeeInvis .       - Unarmed
rCold  . . .     Gourm    +     a - +0 robe
rNeg   . . .     Faith    .     (no shield)
rPois  .         Spirit   .     (helmet restricted)
rElec  +         Dismiss  .     (no cloak)
rCorr  .         Reflect  .     (gloves unavailable)
MR     .....     Harm     .     (boots unavailable)
Stlth  +.........               (no amulet)
                                (no ring)
                                g - ring of the Unkillable {rElec rF+}

@: no status effects
A: unfitting armour, claws 3, fast metabolism 3, gourmand, regeneration 1,
shaggy fur 1, tough skin 2
a: Renounce Religion


You were on level 5 of the Dungeon.
You worshipped Nemelex Xobeh.
Nemelex Xobeh was noncommittal.
You were very full.

You visited 1 branch of the dungeon, and saw 5 of its levels.
You also visited: Ossuary.

You collected 73 gold pieces.

Inventory:

Missiles
 e - 5 throwing nets (quivered)
Armour
 a - a +0 robe (worn)
Jewellery
 g - the ring of the Unkillable (left claw) {rElec rF+}
   (You found it on level 5 of the Dungeon)

   [ring of protection from fire]

   It protects you from fire.
   It insulates you from electricity.
Wands
 f - a wand of paralysis (14/24)
Scrolls
 h - 7 scrolls of identify {unknown}
 i - a scroll of holy word {unknown}
 o - a scroll of noise {unknown}
Potions
 k - a potion of haste {unknown}
 l - a potion of curing {unknown}
 m - a potion of heal wounds {unknown}
 n - a potion of mutation {unknown}
Books
 b - a book of Frost

   Spells                             Type                      Level
   a - Freeze                         Ice                          1
   b - Throw Frost                    Conjuration/Ice              2
   c - Ozocubu's Armour               Charms/Ice                   3
   d - Throw Icicle                   Conjuration/Ice              4
   e - Summon Ice Beast               Ice/Summoning                4
Miscellaneous
 d - an ornate deck of summoning {drawn: 3}
Comestibles
 c - 6 bread rations
 j - 2 meat rations


   Skills:
 - Level 1.5 Dodging
 - Level 1.1 Stealth
 * Level 5.6 Unarmed Combat
 - Level 1.2 Spellcasting
   Level 0.6 Conjurations
 - Level 2.1 Ice Magic
 + Level 1.3 Invocations


You had 6 spell levels left.
You knew the following spells:

 Your Spells              Type           Power        Failure   Level  Hunger
a - Freeze                Ice            #...         12%         1    ##.....


Dungeon Overview and Level Annotations

Branches:
Dungeon (5/15)
 Temple: D:4-7

Altars:
Nemelex Xobeh
Sif Muna


Innate Abilities, Weirdness & Mutations

You are too large for most types of armour.
You have claws for hands.
Your metabolism is lightning-fast.
You like to eat raw meat.
Your natural rate of healing is unusually fast.
You are covered in fur. (AC +1)
You have very tough skin. (AC +2)


Message History

Unknown command.
You barely miss the phantom.
The phantom is heavily damaged.
The phantom blinks!
Unknown command.
Evoke which item? (* to show all) (? for menu, Esc to quit)
You draw a card...
It is the Pentagram.
What are your orders? t - Shout!
Orders for allies: a - Attack new target. r - Retreat! s - Stop attacking. g - Guard the area. f - Follow me.
Anything else - Cancel.
Gang up on whom?
Press: ? - help, Dir - move target cursor, f - phantom
Aim: a phantom (heavily damaged) Attack!
The soul eater draws from the surrounding life force!
You die...
Your body disappears without a glow.

....... .
.............##.
###.### ##
.##..............
# #
###..#..#######
#†)...# ###)##.#
#....#.# #....#..
#....#...
#@W..#...
#.R..#.... #.3..#
#..?.# #..).#
.....# #.....#
......#


You could see a soul eater, a phantom and a friendly rakshasa.

Vanquished Creatures
  2 centaur zombies (D:5)
  An orc priest (D:4)
  2 orc wizards (D:4)
  A worker ant (D:5)
  2 mummies
  An adder (D:5)
  9 orcs
  A giant cockroach (D:3)
  A goblin (D:2)
  8 jackals
  2 giant newts
  2 hobgoblin zombies (Ossuary)
  2 rats
34 creatures vanquished.

Vanquished Creatures (collateral kills)
  A centaur zombie (Ossuary)
  3 mummies (Ossuary)
  An orc (D:4)
  2 hobgoblin zombies (Ossuary)
7 creatures vanquished.

Grand Total: 41 creatures vanquished

Notes
Turn   | Place    | Note
-------+----------+-------------------------------------------
     0 | D:1      | 4thArraOfDagon the Troll Ice Elementalist began the quest for the Orb.
     0 | D:1      | Reached XP level 1. HP: 16/16 MP: 1/1
    86 | D:3      | Reached skill level 1 in Unarmed Combat
    96 | D:3      | Found a sparkling altar of Nemelex Xobeh.
   101 | D:3      | Became a worshipper of Nemelex Xobeh the Trickster
   122 | D:3      | Reached XP level 2. HP: 15/24 MP: 2/2
   186 | D:4      | Found a sparkling altar of Nemelex Xobeh.
   199 | D:5      | Entered Level 5 of the Dungeon
   200 | D:5      | Received a gift from Nemelex Xobeh
   222 | D:5      | Got a vibrating amber ring
   223 | D:5      | Identified the ring of the Unkillable {rElec rF+} (You found it on level 5 of the Dungeon)
   283 | D:4      | Found a sand-covered staircase.
   293 | D:4      | Reached skill level 2 in Unarmed Combat
   304 | D:4      | Reached skill level 3 in Unarmed Combat
   304 | D:4      | Reached XP level 3. HP: 6/31 MP: 3/3
   349 | D:4      | Reached skill level 4 in Unarmed Combat
   349 | D:4      | Reached XP level 4. HP: 31/39 MP: 4/4
   394 | Ossuary  | Entered an ossuary
   442 | Ossuary  | Reached XP level 5. HP: 45/45 MP: 5/5
   549 | D:3      | Found a deep blue altar of Sif Muna.
   608 | D:5      | Reached skill level 5 in Unarmed Combat
   625 | D:5      | Reached skill level 1 in Invocations
   711 | D:5      | Noticed a phantom
   721 | D:5      | Reached XP level 6. HP: 30/53 MP: 6/6
   740 | D:5      | Noticed a soul eater
   741 | D:5      | Killed from afar by a soul eater

Vault maps used:
D:1:      dpeg_arrival_stone_temple_mockup
D:2:      nicolae_qazlal_general_emergency, minmay_goblin_outpost, uniq_natasha,
          uniq_crazy_yiuf_cottage
D:3:      lemuel_doored_altar, nemelex_xobeh_ov_fountains_minmay
D:4:      lemuel_upstairs_altar, zin_academy, gup_ossuary_entry_pyramid,
          first_bread, small_statue_intersection
D:5:      nicolae_tso_swordbearing_angel, uniq_duvessa
Ossuary:  ossuary_the_hunt_dpeg

Skill      XL: |  1  2  3  4  5 |
---------------+----------------+-----
Unarmed Combat | 1 3 4 5 |  5.6
Invocations    | 1 |  1.3
Dodging        | |  1.5
Stealth        | |  1.1
Spellcasting   | |  1.2
Conjurations   | |  0.6
Ice Magic      | |  2.1

Action                   |  1- 3 |  4- 6 || total
-------------------------+-------+-------++-------
Melee: Unarmed           |    58 |    79 ||   137
       Punch             |     2 |     2 ||     4
Evoke: Deck              |     1 |     2 ||     3
  Use: Scroll            |     4 |       ||     4
       Potion            |     2 |       ||     2
 Stab: Sleeping          |     1 |       ||     1
  Eat: Chunk             |     6 |     5 ||    11
Armor: Robe              |    29 |    22 ||    51
Dodge: Dodged            |    37 |    48 ||    85
